 Dungeon Crawl Stone Soup version 0.21-a0-51-gea492e9 (webtiles) character file.

166 Chaotic the Skirmisher (level 5, -3/48 HPs)
             Began as a Minotaur Fighter on June 13, 2017.
             Slain by an ice beast (12 damage)
             ... on level 3 of the Dungeon.
             The game lasted 00:01:56 (1816 turns).

Chaotic the Skirmisher (Minotaur Fighter)           Turns: 1816, Time: 00:01:57

Health: -3/48      AC:  8    Str: 21    XL:     5   Next: 22%
Magic:  4/4        EV:  7    Int:  5    God:
Gold:   129        SH:  9    Dex: 10    Spells: 4/4 levels left

rFire    . . .     SeeInvis .   a - +0 rapier
rCold    . . .     Gourm    .   c - +0 shield
rNeg     . . .     Faith    .   b - +0 scale mail
rPois    .         Spirit   .   (helmet restricted)
rElec    .         Reflect  .   e - +0 cloak
rCorr    .         Harm     .   (no gloves)
MR       .....                  (no boots)
Stlth    ..........             (no amulet)
Regen    0.2/turn               (no ring)
MPRegen  0.1/turn               (no ring)

@: no status effects
A: retaliatory headbutt, horns 2
a: no special abilities


You were on level 3 of the Dungeon.
You were not hungry.

You visited 1 branch of the dungeon, and saw 3 of its levels.

You collected 129 gold pieces.

Inventory:

Hand Weapons
 a - a +0 rapier (weapon)
Armour
 b - a +0 scale mail (worn)
 c - a +0 shield (worn)
 e - a +0 cloak (worn)
Jewellery
 i - a +4 ring of dexterity {unknown}
 l - an uncursed ring of positive energy {unknown}
Scrolls
 j - a scroll of teleportation {unknown}
 k - a scroll of remove curse {unknown}
 m - 2 scrolls of enchant weapon {unknown}
 p - a scroll of fear {unknown}
 q - a scroll of immolation {unknown}
 r - 5 scrolls of identify {unknown}
Potions
 d - a potion of might
 g - a potion of cancellation {unknown}
 h - a potion of haste {unknown}
 n - a potion of degeneration {unknown}
 s - a potion of magic {unknown}
 t - a potion of agility {unknown}
 u - a potion of berserk rage {unknown}
Comestibles
 f - 3 bread rations
 o - 2 meat rations
 v - 3 fruits


   Skills:
 + Level 5.0 Fighting
 + Level 3.4 Short Blades
 + Level 4.4 Armour
 + Level 4.8 Shields


You had 4 spell levels left.
You didn't know any spells.

Dungeon Overview and Level Annotations

Branches:
Dungeon (3/15)

Altars:
Elyvilon
Trog
The Shining One


Innate Abilities, Weirdness & Mutations

You reflexively headbutt those who attack you in melee.
You have a pair of horns on your head.


Message History

The ice beast hits you. The ice beast freezes you!
You hit the ice beast but do no damage.
The ice beast is almost dead.
The ice beast closely misses you. The ice beast hits you.
The ice beast freezes you!
* * * LOW HITPOINT WARNING * * *
You are too injured to fight recklessly!
You are too injured to fight recklessly!
You closely miss the ice beast. Your headbutt misses the ice beast.
The ice beast is almost dead.
The ice beast barely misses you.
You closely miss the ice beast. Your headbutt misses the ice beast.
The ice beast is almost dead.
You block the ice beast's attack.
You hit the ice beast. Your headbutt misses the ice beast.
The ice beast is almost dead.
The ice beast hits you.
* * * LOW HITPOINT WARNING * * *
The ice beast freezes you!
You die...

#.#♣♣.♣♣#........### ♣.♣
####..##.# ## #.# #..##>#
.. #.## #..##.# .# #.##.
#..##.# .#
#.##.###..##.### .# ..
#.##...........# .####.#
#..######.####.#..######
<.....#
#.....Y@..........###
.#......
.#.######...........#
÷#.##### ######.##.#.#
.#.# ########.#....###
...#####
#######...........<...
........
#.....########.#....###
.#.############.#
#.##.#.#### .#.#
#^#####'# #..........
.#.#
#.......##########.#.####


You could see an ice beast.

Vanquished Creatures
  Terence (D:2)
  A gnoll (D:1)
  8 adders
  A worm (D:2)
  A dart slug (D:3)
  4 leopard geckos
  6 orcs (D:3)
  2 giant cockroaches
  5 goblins
  5 hobgoblins
  6 kobolds
  A quokka (D:3)
  2 bats
  2 frilled lizards
  3 rats
48 creatures vanquished.

Notes
Turn   | Place    | Note
-------+----------+-------------------------------------------
     0 | D:1      | Chaotic the Minotaur Fighter began the quest for the Orb.
     0 | D:1      | Reached XP level 1. HP: 19/19 MP: 0/0
   280 | D:1      | Reached skill level 4 in Fighting
   280 | D:1      | Reached XP level 2. HP: 23/27 MP: 1/1
   647 | D:2      | Reached XP level 3. HP: 33/33 MP: 2/2
   736 | D:2      | Noticed Terence
   751 | D:2      | Killed Terence
   782 | D:2      | Reached XP level 4. HP: 35/41 MP: 3/3
  1598 | D:3      | Reached XP level 5. HP: 47/47 MP: 4/4
  1628 | D:3      | Found a bloodstained altar of Trog.
  1687 | D:3      | Found a white marble altar of Elyvilon.
  1692 | D:3      | Found a glowing golden altar of the Shining One.
  1737 | D:3      | Reached skill level 5 in Fighting
  1806 | D:3      | Noticed an ice beast
  1816 | D:3      | Slain by an ice beast

Vault maps used:
D:1:      matt_arrival_spirals
D:2:      uniq_terence
D:3:      minitemple, minmay_tree_intersection, minmay_misc_feat_rugged,
          trog_butcher_becter, uniq_crazy_yiuf_cottage

Skill      XL: |  1  2  3  4  5 |
---------------+----------------+-----
Fighting       | 4 5 |  5.0
Shields        | 4 |  4.8
Armour         | 4 |  4.4
Short Blades   | 3 |  3.4

Action                   |  1- 3 |  4- 6 || total
-------------------------+-------+-------++-------
Melee: Rapier            |    66 |    75 ||   141
       Headbutt          |    11 |    14 ||    25
  Eat: Chunk             |       |     3 ||     3
Armor: Scale mail        |    24 |    18 ||    42
Dodge: Dodged            |    22 |    20 ||    42
Block: Shield            |    26 |    29 ||    55
